AoeStats
← ME_DEPRIME_JUGAR_CON_USTEDES

African Clearing

506366900Analyzed
4v4 RM · 19d ago on Sep 13, 2026· 31m 58s· 8 players
Game mode
Random Map
Map size
Large (8 player)
Population
200
Speed
Normal
Resources
Standard
Victory
Conquest
Starting age
Dark Age
Ending age
Imperial Age
RankedLock teamsTeams togetherTeam positionsShared explorationLock speedFull tech treeHidden civsTurbo modeCheats
Victory
Defeat
🇬🇧 Koreans · United Kingdom
1535
+9
🇦🇷 Maya · Argentina
1530
+9
🇲🇴 Vietnamese · Macao SAR China
1476
+11
🇫🇷 Mongols · France
1442
+14
🇸🇪 Sicilians · Sweden
1481
-14
🇸🇪 Armenians · Sweden
1474
-14
🇸🇪 Magyars · Sweden
1402
-11
🇸🇪 Vietnamese · Sweden
1144
-4
Dedpool_Aoe
12:04 Feudal Age
13:01 Double-Bit Axe
15:19 Loom
16:03 Forging
18:55 Wheelbarrow
25:24 Castle Age
25:32 Horse Collar
25:34 Light Cavalry
26:28 Bloodlines
26:25 Scale Barding Armor
26:56 Iron Casting
28:42 Chain Barding Armor
29:36 Husbandry
30:27 Bow Saw
31:28 Hand Cart
Gene_Parmesan__
4:20 Loom
12:32 Feudal Age
13:06 Town Watch
13:24 Double-Bit Axe
15:38 Fletching
25:59 Castle Age
23:55 Stone Mining
24:14 Gold Mining
24:10 Horse Collar
26:45 Bodkin Arrow
27:10 Bow Saw
27:36 Husbandry
29:07 Ballistics
HOU
3:14 Loom
14:10 Feudal Age
17:45 Castle Age
15:51 Horse Collar
16:17 Double-Bit Axe
18:30 Heavy Plow
18:40 Bow Saw
25:06 Scale Barding Armor
26:20 Chain Barding Armor
27:00 Forging
27:23 Bloodlines
28:57 Iron Casting
28:54 Gold Mining
28:55 Stone Mining
29:19 Husbandry
30:05 Town Watch
31:02 Wheelbarrow
ME_DEPRIME_JUGAR_CON_USTEDES
8:13 Loom
10:38 Feudal Age
31:05 Double-Bit Axe
31:24 Horse Collar
32:43 Wheelbarrow
Superhoops
7:44 Loom
14:31 Feudal Age
21:54 Castle Age
20:33 Double-Bit Axe
20:32 Horse Collar
30:02 Wheelbarrow
N1ls
5:09 Loom
14:06 Feudal Age
14:32 Horse Collar
14:41 Double-Bit Axe
21:27 Castle Age
20:34 Gold Mining
20:35 Stone Mining
22:18 Scale Mail Armor
24:50 Bow Saw
28:41 Chain Mail Armor
29:45 Fletching
31:21 Scale Barding Armor
32:14 Bloodlines
Peppe L-G
5:14 Loom
12:04 Feudal Age
13:02 Double-Bit Axe
23:31 Fletching
24:59 Gold Mining
29:20 Castle Age
KalasKula
10:43 Loom
12:40 Feudal Age
14:27 Double-Bit Axe
16:50 Castle Age
16:00 Fletching
20:11 Padded Archer Armor
25:30 Bodkin Arrow
31:51 Sanctity
Connection lost

Rejoining the realm…

Still unreachable

The connection could not be restored.

Session expired

The server has moved on; the page needs a fresh start.